 Dungeon Crawl Stone Soup version 0.22-a0-617-g6d95e9e (webtiles) character file.

354 Hebeh the Firebug (level 6, 0/32 HPs)
             Began as a Deep Elf Fire Elementalist on July 13, 2018.
             Slain by Pikel
             ... wielding a +0 whip of freezing
              (7 damage)
             ... on level 4 of the Dungeon.
             The game lasted 00:20:09 (4781 turns).

Hebeh the Firebug (Deep Elf Fire Elementalist)      Turns: 4781, Time: 00:20:10

Health: 0/32       AC:  6    Str:  5    XL:     6   Next: 35%
Magic:  19/30      EV: 13    Int: 22    God:
Gold:   157        SH:  0    Dex: 15    Spells: 5/14 levels left

rFire    . . .     SeeInvis .   n - staff of power
rCold    . . .     Gourm    .   (no shield)
rNeg     . . .     Faith    .   w - +1 robe
rPois    +         Spirit   .   (no helmet)
rElec    .         Reflect  .   (no cloak)
rCorr    .         Harm     .   (no gloves)
MR       .....                  (no boots)
Stlth    ++........             (no amulet)
HPRegen  0.10/turn              u - +3 ring of protection
MPRegen  0.22/turn              v - ring of poison resistance

@: no status effects
A: no striking features
a: no special abilities


You were on level 4 of the Dungeon.
You were hungry.

You visited 1 branch of the dungeon, and saw 4 of its levels.

You collected 157 gold pieces.

Inventory:

Hand Weapons
 a - a +1 trident of protection
 b - a +0 hunting sling
 d - a +0 short sword
 k - a +1 dagger of holy wrath
Missiles
 e - 150 stones
 h - 36 arrows
 m - 5 javelins (quivered)
 q - 10 sling bullets
 x - 46 bolts
Armour
 w - a +1 robe (worn)
Magical Staves
 n - an uncursed staff of power (weapon)
Jewellery
 l - an uncursed ring of protection from cold {unknown}
 u - a +3 ring of protection (left hand)
 v - a ring of poison resistance (right hand)
Wands
 i - a wand of iceblast (8)
Scrolls
 g - a scroll of identify
 r - a scroll of enchant weapon {unknown}
 s - 6 scrolls of remove curse
Potions
 f - a potion of degeneration
 j - a potion of agility
 o - 2 potions of flight
 p - 2 potions of resistance
 A - a potion of curing
Comestibles
 c - 6 rations
 t - 3 chunks of flesh


   Skills:
 - Level 2.4 Dodging
 - Level 2.4 Stealth
 + Level 4.9 Spellcasting
 * Level 4.8 Conjurations
 + Level 1.9 Hexes
 * Level 4.9 Fire Magic


You had 5 spell levels left.
You knew the following spells:

 Your Spells              Type           Power        Failure   Level  Hunger
a - Flame Tongue          Conj/Fire      ####.        1%          1    None
b - Throw Flame           Conj/Fire      ####..       1%          2    None
c - Conjure Flame         Conj/Fire      ####....     4%          3    ##.....
d - Confuse               Hex            ##......     14%         3    ##.....

Your spell library contained the following spells:

 Spells                   Type           Power        Failure   Level  Hunger
 Fireball                 Conj/Fire      ####......   36%         5    #####..
 Sticky Flame             Conj/Fire      ####....     14%         4    ####...
 Confusing Touch          Hex            ##....       4%          1    None
 Metabolic Englaciation   Hex/Ice        #.........   88%         5    #####..
 Petrify                  Tmut/Erth      #.......     71%         4    ####...
 Inner Flame              Hex/Fire       ###.....     8%          3    ##.....
 Gell's Gravitas          Tloc           #.........   30%         3    ##.....
 Yara's Violent Unravell  Hex/Tmut       #.........   88%         5    #####..


Dungeon Overview and Level Annotations

Branches:
Dungeon (4/15)
 Temple: D:4-7

Altars:
Dithmenos

Annotations:
D:3 3 runed doors, Hebeh's ghost, amateur DEFE; Ijustatesigmund's ghost, amateur OpFi; ThisFiasco's ghost, amateur DsFi
D:4 Natasha; Pikel


Message History

Casting: Flame Tongue (safe; 1% risk of failure)
Confirm with . or Enter, or press ? or * to list all spells.
Aiming: Flame Tongue (safe; 1% risk of failure)
Press: ? - help, Shift-Dir - straight line, f/p - slave
Aim: a slave, wearing an animal skin (lightly wounded)
The flame tongue misses the slave.
Something hits you. Something freezes you.
* * * LOW HITPOINT WARNING * * *
The slave hits you.
* * * LOW HITPOINT WARNING * * *
Casting: Flame Tongue (safe; 1% risk of failure)
Confirm with . or Enter, or press ? or * to list all spells.
Aiming: Flame Tongue (safe; 1% risk of failure)
Press: ? - help, Shift-Dir - straight line, f/p - slave
Aim: a slave, wearing an animal skin (lightly wounded)
The flame tongue hits the slave.
The slave is moderately wounded.
Natasha hisses angrily.
Natasha stares at you and mumbles some strange words.
The magic dart hits you! Something hits you!
You die...

#.## #######.## #.##
#.##.p...# ####.##
###.##.....# #......
#....# ....# #.##.##
#....# ... #.##.## #....#
#.# #....##
##.####.#####.#####......
........@{.p.............
#........p....####..#####
##.####.#####.# #..# #
.h.. .... #..# ###.#
##.####..# #.# #.# #..#
#.. ... #..# #.. #.#
#..###.# #.......


You could see 2 slaves and Natasha.

Vanquished Creatures
  A slave (D:4)
  A howler monkey (D:4)
  A crimson imp (D:4)
  Ijyb (D:4)
  Natasha (D:4)
  An iguana (D:4)
  7 gnolls
  5 adders
  2 oozes
  A worm (D:3)
  3 dart slugs (D:1)
  2 leopard geckos
  6 orcs (D:3)
  A ball python (D:4)
  4 bats
  3 giant cockroaches
  6 goblins
  7 hobgoblins
  8 jackals
  5 kobolds
  3 quokkas
  3 frilled lizards
  6 rats
78 creatures vanquished.

Vanquished Creatures (others)
  A withered plant (D:3)
1 creature vanquished.

Grand Total: 79 creatures vanquished

Notes
Turn   | Place    | Note
-------+----------+-------------------------------------------
     0 | D:1      | Hebeh the Deep Elf Fire Elementalist began the quest for the Orb.
     0 | D:1      | Reached XP level 1. HP: 10/10 MP: 6/6
   161 | D:1      | Reached XP level 2. HP: 8/15 MP: 5/8
   796 | D:1      | Reached XP level 3. HP: 19/19 MP: 7/10
  1523 | D:2      | Found a shadowy altar of Dithmenos.
  2181 | D:3      | Reached XP level 4. HP: 24/24 MP: 6/11
  2326 | D:3      | Found a runed gate.
  2326 | D:3      | Found a runed gate.
  2326 | D:3      | Found a runed gate.
  2331 | D:3      | Noticed Hebeh's ghost (amateur DEFE)
  2335 | D:3      | Noticed ThisFiasco's ghost (amateur DsFi)
  2335 | D:3      | Noticed Ijustatesigmund's ghost (amateur OpFi)
  2802 | D:3      | Learned a level 2 spell: Throw Flame
  2806 | D:3      | Learned a level 3 spell: Conjure Flame
  2871 | D:3      | Reached XP level 5. HP: 24/28 MP: 1/13
  3494 | D:4      | Learned a level 3 spell: Confuse
  3904 | D:4      | Reached skill level 1 in Hexes
  4002 | D:4      | Noticed Ijyb
  4038 | D:4      | Killed Ijyb
  4266 | D:4      | Reached XP level 6. HP: 30/32 MP: 9/15
  4330 | D:4      | Noticed Natasha
  4332 | D:4      | Killed Natasha
  4729 | D:4      | Noticed a slave
  4729 | D:4      | Noticed a slave
  4729 | D:4      | Noticed a slave
  4735 | D:4      | Noticed Natasha
  4744 | D:4      | Noticed Pikel
  4745 | D:4      | Noticed a slave
  4769 | D:4      | Killed a slave
  4781 | D:4      | Slain by Pikel

Vault maps used:
D:1:      dpeg_arrival_pits, hangedman_glass_teeth
D:2:      nicolae_dithmenos_shadow_blocks
D:3:      gammafunk_ghost_cemetery
D:4:      uniq_ijyb, uniq_natasha, uniq_pikel

Skill      XL: |  1  2  3  4  5 |
---------------+----------------+-----
Conjurations   | 2 3 4 |  4.8
Spellcasting   | 4 |  4.9
Fire Magic     | 4 |  4.9
Hexes          | 1 |  1.9
Dodging        | |  2.4
Stealth        | |  2.4

Action                   |  1- 3 |  4- 6 || total
-------------------------+-------+-------++-------
Melee: Trident           |       |    66 ||    66
 Fire: Hunting sling     |       |     8 ||     8
Throw: Stone             |    61 |    33 ||    94
 Cast: Flame Tongue      |    48 |    78 ||   126
       Throw Flame       |       |    25 ||    25
       Conjure Flame     |       |     3 ||     3
  Use: Scroll            |       |    14 ||    14
  Eat: Chunk             |     4 |     4 ||     8
       Ration            |       |     1 ||     1
Armor: Robe              |       |    33 ||    33
Dodge: Dodged            |     6 |    53 ||    59

Table legend:
 A = Spawn XP
 B = Non-spawn XP
 C = Spawn XP percentage of total XP
 D = Spawn monster count
 E = Non-spawn monster count
 F = Spawn count percentage of total count
 G = Total turns spent on level
                    A         B        C        D         E        F      G
               +---------+---------+-------+---------+---------+-------+---------
         Total |       0 |     506 |   0.0 |       0 |      77 |   0.0 |  4781
               +---------+---------+-------+---------+---------+-------+---------
           D:1 |       0 |      45 |   0.0 |       0 |      21 |   0.0 |  1227
           D:2 |       0 |      41 |   0.0 |       0 |      10 |   0.0 |   891
           D:3 |       0 |     133 |   0.0 |       0 |      31 |   0.0 |  1412
           D:4 |       0 |     287 |   0.0 |       0 |      15 |   0.0 |  1251
               +---------+---------+-------+---------+---------+-------+---------
